 Dungeon Crawl Stone Soup version 0.19-a0-330-g034cfd4 (webtiles) character file.

13433 Ijustatesigmund the Cleaver (level 12, -1/115 HPs)
             Began as a Hill Orc Fighter on May 27, 2016.
             Was a High Priest of Ukayaw.
             Slain by a manticore (15 damage)
             ... on level 12 of the Dungeon on May 28, 2016.
             The game lasted 00:39:00 (12633 turns).

Ijustatesigmund the Cleaver (Hill Orc Fighter)     Turns: 12633, Time: 00:39:00

Health: -1/115     AC: 13    Str: 20    XL:     12   Next: 6%
Magic:  12/12      EV: 13    Int:  8    God:    Ukayaw [*****.]
Gold:   618        SH: 12    Dex: 14    Spells: 0 memorised, 11 levels left

rFire  . . .     SeeInvis .     C - +3 war axe (freeze)
rCold  . . .     Gourm    .     t - +2 ring mail {MR+}
rNeg   . . .     Faith    +     c - +0 shield
rPois  +         Spirit   .     r - +1 helmet
rElec  .         Dismiss  .     (no cloak)
rCorr  .         Reflect  .     n - +0 pair of gloves
SustAt .         Harm     .     k - +1 pair of boots
MR     ++...                    s - amulet of faith
Stlth  +.........               w - ring of poison resistance
                                z - ring of protection from magic

@: manticore barbs, very resistant to hostile enchantments, very unstealthy
A: no striking features
a: Stomp, Line Pass, Grand Finale, Renounce Religion


You were on level 12 of the Dungeon.
You worshipped Ukayaw.
Ukayaw was extremely pleased with you.
You were not hungry.

You visited 1 branch of the dungeon, and saw 13 of its levels.
You also visited: Labyrinth.

You collected 618 gold pieces.

Inventory:

Hand Weapons
 C - a +3 war axe of freezing (weapon)
Armour
 c - a +0 shield (worn)
 k - a +1 pair of boots (worn)
 n - a +0 pair of gloves (worn)
 r - a +1 helmet (worn)
 t - a +2 ring mail of magic resistance (worn)
Jewellery
 p - an uncursed ring of stealth
 s - an amulet of faith (around neck)
 w - a ring of poison resistance (right hand)
 z - a ring of protection from magic (left hand)
Wands
 a - a wand of slowing (34/48)
 h - a wand of paralysis (7/24)
 l - a wand of digging (20/24)
 u - a wand of teleportation (4/9)
 y - a wand of random effects (13/48)
 B - a wand of polymorph (2/24)
Scrolls
 d - a scroll of recharging
 o - 2 scrolls of teleportation
 v - 5 scrolls of remove curse
 E - a scroll of identify
Potions
 b - 3 potions of cancellation
 e - a potion of flight
 i - a potion of curing
 j - a potion of mutation
 x - 3 potions of lignification
 A - a potion of brilliance
 F - a potion of might
Books
 q - Uludghif's Reference Book on Changing and Ice
   (You found it in a labyrinth)

   Spells                             Type                      Level
   a - Freeze                         Ice                          1
   b - Ice Form                       Ice/Transmutation            4
   c - Yara's Violent Unravelling     Hexes/Transmutation          5
   d - Blade Hands                    Transmutation                5
   e - Bolt of Cold                   Conjuration/Ice              6
Comestibles
 f - 3 bread rations
 g - 4 meat rations
 m - 3 chunks of flesh
 D - 2 fruits


   Skills:
 + Level 13.1 Fighting
 + Level 13.9 Axes
 - Level 5.1 Armour
 - Level 5.1 Dodging
 - Level 10.0 Shields


You had 11 spell levels left.
You didn't know any spells.

Dungeon Overview and Level Annotations

Branches:
Dungeon (13/15)            Temple (0/1) D:6            Lair (0/8) D:10
    Orc: D:9-12      Vaults: D:13-14

Altars:
Fedhas
Hepliaklqana
Kikubaaqudgha
Makhleb
Nemelex Xobeh
Pakellas
Qazlal
Ru
Ukayaw
Xom
The Shining One

Shops:
D:6 (


Message History

You block the manticore's attack. The manticore claws you.
* * * LOW HITPOINT WARNING * * *
You block the manticore's attack. The manticore closely misses you.
The manticore claws you!
* * * LOW HITPOINT WARNING * * *
Drink which item? (? for menu, Esc to quit)
You feel better. The manticore bites you.
* * * LOW HITPOINT WARNING * * *
The manticore misses you. You block the manticore's attack.
The manticore bites you!
* * * LOW HITPOINT WARNING * * *
The manticore barely misses you.
The manticore claws you but does no damage.
Okay, then.
You hit the manticore. You freeze the manticore.
The manticore is almost dead.
You barely miss the manticore.
The manticore is lightly wounded.
The manticore bites you!
You die...

# ##### ## #...########.
###...#.......# ##
#........####.. ..
#$..........)(#
#.#####...>....####.#
#..H).........######.
####@)............)(#
#.....)H#####..#######.#
#.......# ##.# ##.##(#
#.......# #.###...#.#
......... #.##..#.).#
#........ #..###(..
#....#### # ##..#))..
#.... ##. ##...###
#...###.##


You could see 2 manticores.

Vanquished Creatures
  A minotaur (Lab)
  The ghost of Amnesiac the Spear-Bearer, a journeyman HuWn of Trog (D:12)
  A hill giant (D:13)
  2 ugly things
  Maurice (D:8)
  Psyche (D:8)
  2 gargoyles
  2 trolls
  Prince Ribbit (D:6)
  Grinder (D:3)
  2 two-headed ogres (D:12)
  3 yaks (D:9)
  A fire bat (D:10)
  2 steam dragons
  2 wyverns
  A hungry ghost (D:9)
  A hippogriff (D:10)
  Edmund (D:5)
  A water moccasin (D:8)
  4 orc warriors
  2 ice beasts
  3 sky beasts
  6 necrophages
  5 ogres
  2 phantoms
  A wasp (D:10)
  5 black bears
  4 wolves (D:10)
  3 centaurs
  A big kobold (D:12)
  3 giant frogs
  A gnoll sergeant (D:9)
  A wyvern skeleton (D:7)
  2 scorpions
  17 killer bees
  15 wights
  3 howler monkeys
  3 electric eels
  7 crimson imps
  A giant frog zombie (D:5)
  A giant frog skeleton (D:11)
  9 hounds
  2 centaur skeletons
  A jelly (D:10)
  7 orc priests
  6 orc wizards
  Ijyb (D:3)
  Terence (D:2)
  3 iguanas
  6 worker ants
  A killer bee zombie (D:7)
  2 hound zombies
  A mummy (D:8)
  A howler monkey zombie (D:6)
  2 worker ant zombies
  Robin (D:3)
  10 adders
  3 gnolls (D:9)
  2 shadow imps
  An ooze (D:3)
  2 adder zombies
  An adder skeleton (D:5)
  6 worms
  3 dart slugs
  6 giant geckos
  19 orcs
  2 ball pythons (D:3)
  6 giant cockroaches
  13 goblins
  13 hobgoblins
  18 jackals
  5 quokkas
  7 bats
  10 giant newts
  2 goblin skeletons (D:7)
  11 kobolds
  A kobold skeleton (D:7)
  An orc skeleton (D:7)
  2 orc zombies (D:7)
  A quokka skeleton (D:9)
  7 rats
313 creatures vanquished.

Vanquished Creatures (others)
  A manticore (D:4)
1 creature vanquished.

Grand Total: 314 creatures vanquished

Notes
Turn   | Place    | Note
--------------------------------------------------------------
     0 | D:1      | Ijustatesigmund the Hill Orc Fighter began the quest for the Orb.
     0 | D:1      | Reached XP level 1. HP: 19/19 MP: 1/1
    43 | D:1      | Noticed a troll
    73 | D:1      | Reached XP level 2. HP: 14/27 MP: 2/2
   663 | D:1      | Reached XP level 3. HP: 31/33 MP: 3/3
  1304 | D:2      | Noticed Terence
  1314 | D:2      | Killed Terence
  1314 | D:2      | Reached XP level 4. HP: 34/41 MP: 4/4
  1491 | D:2      | Reached skill level 5 in Fighting
  2176 | D:3      | Found a hazy altar of Hepliaklqana.
  2221 | D:3      | Noticed Grinder
  2226 | D:3      | Paralysed by Grinder for 6 turns
  2239 | D:3      | Killed Grinder
  2239 | D:3      | Reached XP level 5. HP: 32/51 MP: 5/5
  2239 | D:3      | Reached XP level 6. HP: 36/58 MP: 6/6
  2424 | D:3      | Noticed Robin
  2442 | D:3      | Killed Robin
  2525 | D:3      | Found a hide-covered altar to Ukayaw.
  2548 | D:3      | Noticed Ijyb
  2560 | D:3      | Killed Ijyb
  2885 | D:3      | Became a worshipper of Ukayaw the Reveler
  2942 | D:4      | Reached * piety under Ukayaw
  2943 | D:4      | Reached XP level 7. HP: 64/64 MP: 7/7
  3175 | D:4      | Reached ** piety under Ukayaw
  3179 | D:4      | Reached *** piety under Ukayaw
  3822 | D:4      | Found an oddly glowing altar of Pakellas.
  3823 | D:4      | Noticed a manticore
  3826 | D:4      | Killed a manticore
  3972 | D:5      | Entered Level 5 of the Dungeon
  4130 | D:5      | Noticed Edmund
  4152 | D:5      | Killed Edmund
  4196 | D:5      | Reached skill level 5 in Armour
  4196 | D:5      | Reached XP level 8. HP: 52/74 MP: 8/8
  4452 | D:6      | Found Fumosh's Weapon Boutique.
  4471 | D:6      | Found a burning altar of Makhleb.
  4670 | D:6      | Noticed Prince Ribbit
  4971 | D:6      | Found an ancient bone altar of Kikubaaqudgha.
  4995 | D:6      | Killed Prince Ribbit
  4995 | D:6      | Reached skill level 1 in Dodging
  5367 | D:6      | Found a staircase to the Ecumenical Temple.
  5566 | D:7      | Found a glowing golden altar of the Shining One.
  5941 | D:7      | Reached skill level 5 in Shields
  6333 | D:7      | Reached XP level 9. HP: 72/82 MP: 9/9
  6438 | D:8      | Reached **** piety under Ukayaw
  6868 | D:8      | Found a sparkling altar of Nemelex Xobeh.
  6874 | D:8      | Reached ***** piety under Ukayaw
  6884 | D:8      | Reached ****** piety under Ukayaw
  7009 | D:8      | Reached skill level 10 in Axes
  7011 | D:8      | Reached XP level 10. HP: 79/91 MP: 10/10
  7015 | D:8      | Noticed Psyche
  7030 | D:8      | Killed Psyche
  7235 | D:8      | Noticed Maurice
  7284 | D:8      | Found a blossoming altar of Fedhas.
  7322 | D:8      | Killed Maurice
  7507 | D:9      | Reached skill level 10 in Fighting
  7570 | D:9      | Found a sacrificial altar of Ru.
  7573 | D:9      | Found a shimmering altar of Xom.
  7573 | D:9      | Found a stormy altar of Qazlal.
  7898 | D:9      | Reached skill level 5 in Dodging
  8535 | D:10     | Entered Level 10 of the Dungeon
  8541 | D:10     | Noticed a gargoyle
  8559 | D:10     | Killed a gargoyle
  8559 | D:10     | Reached skill level 10 in Shields
  8559 | D:10     | Reached XP level 11. HP: 56/101 MP: 11/11
  8613 | D:10     | Found a staircase to the Lair.
 10546 | D:10     | Upgraded the game from 0.19-a0-291-ga637243 to 0.19-a0-330-g034cfd4
 11087 | D:11     | Noticed a cyan ugly thing
 11096 | D:11     | Killed a cyan ugly thing
 11200 | D:11     | You fall through a shaft for 2 floors!
 11200 | D:13     | Noticed a hill giant
 11214 | D:13     | Killed a hill giant
 11512 | D:12     | Found a labyrinth entrance.
 11520 | Lab      | Entered a labyrinth
 11997 | Lab      | Noticed a minotaur
 12011 | Lab      | Killed a minotaur
 12256 | Lab      | Identified Uludghif's Reference Book on Changing and Ice
 12418 | D:12     | Noticed a white ugly thing
 12433 | D:12     | Killed a white ugly thing
 12464 | D:12     | Noticed Amnesiac's ghost (journeyman HuWn)
 12473 | D:12     | Killed Amnesiac's ghost
 12535 | D:12     | Reached XP level 12. HP: 54/115 MP: 12/12
 12633 | D:12     | Slain by a manticore

Vault maps used:
D:1:      erik_arrival_cave_to_civilisation, st_stairs_1
D:2:      first_bread, uniq_terence
D:3:      lemuel_round_altar, lemuel_crystal_altar, uniq_robin, uniq_grinder,
          uniq_iyjb
D:4:      gammafunk_pakellas_spire_experiment
D:5:      uniq_edmund
D:6:      nicolae_overflow_hidden_temple, kennysheep_mini, temple_doors_e,
          serial_shops, nicolae_shop_trees, uniq_prince_ribbit1
D:7:      nicolae_tso_besieged_by_evil
D:8:      nemelex_deck, lemuel_round_altar, serial_undead, serial_undead_b,
          serial_undead_d, serial_undead_a, serial_undead_f, serial_undead_f,
          serial_undead_f, serial_undead_a, serial_undead_d, uniq_psyche,
          uniq_maurice
D:9:      grunt_temple_overflow_open
D:10:     erik_lair_island
D:11:     hangedman_little_slice_of_home, uniq_snorg
D:12:     minmay_orc_entry_temple_small, lab_entry_generic,
          portal_ice_cave_entry_pillars_2
D:13:     grunt_vaults_entry_fortified, basic_altar, uniq_maud
Lab:      nicolae_lab_dead_adventurers, labyrinth_glass_1,
          labyrinth_skeletal_remains, nicolae_lab_diamond, nicolae_lab_swirl

Skill      XL: |  1  2  3  4  5  6  7  8  9 10 11 |
---------------+----------------------------------+-----
Axes           | 3 4 6 7 8 10 11 13 | 13.9
Fighting       | 4 6 7 8 9 10 13 | 13.1
Armour         | 4 5 |  5.1
Dodging        | 2 3 5 |  5.1
Shields        | 5 8 10 | 10.0

Action                   |  1- 3 |  4- 6 |  7- 9 | 10-12 || total
-------------------------+-------+-------+-------+-------++-------
Melee: War axe           |   135 |   196 |   368 |   490 ||  1189
Evoke: Wand              |       |       |       |     5 ||     5
  Use: Scroll            |       |     8 |     9 |     1 ||    18
       Potion            |       |       |     3 |     7 ||    10
 Stab: Paralysed         |       |       |    18 |    32 ||    50
  Eat: Chunk             |       |     7 |     5 |    12 ||    24
       Beef jerky        |       |       |     1 |     1 ||     2
       Fruit             |       |       |     4 |       ||     4
       Bread ration      |       |       |     1 |     1 ||     2
       Pizza             |       |       |       |     1 ||     1
Armor: Scale mail        |    65 |       |       |       ||    65
       Chain mail        |       |   119 |   179 |   151 ||   449
       Ring mail         |       |       |       |    19 ||    19
       Skin              |       |       |       |     6 ||     6
Dodge: Dodged            |    46 |    44 |    86 |   154 ||   330
Block: Shield            |    68 |    84 |   187 |   280 ||   619
